 Dungeon Crawl Stone Soup version 0.20.2-3-g29329e0561 (webtiles) character file.

5089 Oxelix the Cleaver (level 10, -6/94 HPs)
             Began as a Minotaur Berserker on Feb 12, 2023.
             Was a High Priest of Trog.
             Mangled by a cyan ugly thing (12 damage)
             ... on level 9 of the Dungeon.
             The game lasted 00:14:38 (7551 turns).

Oxelix the Cleaver (Minotaur Berserker)             Turns: 7551, Time: 00:14:40

Health: -6/94      AC:  9    Str: 26    XL:     10   Next: 32%
Magic:  9/9        EV: 10    Int:  4    God:    Trog [*****.]
Gold:   220        SH:  3    Dex:  9    Spells: 9/9 levels left

rFire    . . .     SeeInvis .   G - +4 war axe (drain)
rCold    + . .     Gourm    .   A - +0 buckler
rNeg     . . .     Faith    .   E - +2 scale mail {rC+}
rPois    .         Spirit   .   (helmet restricted)
rElec    .         Reflect  .   x - +1 cloak
rCorr    .         Harm     .   (no gloves)
MR       ++...                  (no boots)
Stlth    ..........             (no amulet)
Regen    1.3/turn               (no ring)
MPRegen  0.2/turn               (no ring)

@: regenerating
A: retaliatory headbutt, horns 2, yellow scales 1, deformed body
a: Berserk, Trog's Hand, Brothers in Arms, Burn Spellbooks, Renounce Religion


You were on level 9 of the Dungeon.
You worshipped Trog.
Trog was extremely pleased with you.
You were hungry.

You visited 2 branches of the dungeon, and saw 10 of its levels.

You collected 416 gold pieces.
You spent 196 gold pieces at shops.

Inventory:

Hand Weapons
 F - a cursed +0 battleaxe
 G - a +4 war axe of draining (weapon)
Missiles
 v - 6 tomahawks (quivered)
Armour
 s - a +3 leather armour
 x - a +1 cloak (worn)
 A - a +0 buckler (worn)
 E - a +2 scale mail of cold resistance (worn)
Wands
 r - a wand of flame (32/48)
 t - a wand of confusion (36/48)
Scrolls
 f - 5 scrolls of remove curse
 g - 2 scrolls of enchant weapon {unknown}
 h - 4 scrolls of magic mapping
 i - 2 scrolls of enchant armour {unknown}
 k - 3 scrolls of fog {unknown}
 n - 6 scrolls of teleportation {unknown}
 y - a scroll of random uselessness {unknown}
 B - 2 scrolls of identify
Potions
 a - a potion of resistance {unknown}
 b - a potion of experience {unknown}
 d - 2 potions of curing
 e - 2 potions of mutation
 j - 3 potions of heal wounds {unknown}
 l - 2 potions of flight {unknown}
 m - a potion of ambrosia {unknown}
 o - 4 potions of brilliance
 q - a potion of agility {unknown}
 u - a potion of lignification {unknown}
 z - a potion of berserk rage {unknown}
 D - a potion of might {unknown}
Comestibles
 c - 5 bread rations
 p - 2 meat rations
 w - 4 royal jellies


   Skills:
 - Level 10.7 Fighting
 * Level 14.7 Axes
 + Level 2.6 Armour
 - Level 2.3 Dodging
 + Level 1.0 Shields


You had 9 spell levels left.
You didn't know any spells.

Dungeon Overview and Level Annotations

Branches:
Dungeon (9/15)             Temple (1/1) D:5
   Lair: D:8-11         Orc: D:9-12

Altars:
Cheibriados
Dithmenos
Elyvilon
Fedhas
Gozag
Hepliaklqana
Kikubaaqudgha
Makhleb
Nemelex Xobeh
Okawaru
Qazlal
Ru
Sif Muna
Trog
Uskayaw
Vehumet
Xom
Yredelemnul
Zin
The Shining One

Shops:
D:4 :   D:9 [


Innate Abilities, Weirdness & Mutations

You reflexively headbutt those who attack you in melee.
You have a pair of horns on your head.
You are partially covered in yellow scales. (AC +2)
Armour fits poorly on your strangely shaped body.


Message History

* * * LOW HITPOINT WARNING * * *
A hippogriff comes into view.
Things that are here:
a war axe; a runed robe Your skin crawls.
You feel resistant to hostile enchantments.
You are feeling hungry.
The cyan ugly thing headbutts you.
* * * LOW HITPOINT WARNING * * *
The cyan ugly thing shocks you!
* * * LOW HITPOINT WARNING * * *
An orc warrior comes into view. It is wielding a flail.
You fail to use your ability.
The orc warrior shouts!
The gnoll hits you from afar with a halberd!
* * * LOW HITPOINT WARNING * * *
The cyan ugly thing headbutts you.
* * * LOW HITPOINT WARNING * * *
The cyan ugly thing shocks you!
You die...

#.##.##.. ... .# ........#
#.# .# #.#..# #.##.# #
#.#.†# #.##.##
##.##.#..#####.#...####
#.............>........
#..##..........#....##
##...........##.......###
#...####@.##.##.#........
>..#.....u.##.##...)...###
##...#####g##.##.#...)## #
#.....g#.#.###.)%#
#.##..H...# ##.(####
............#.# #.#..(∩[
#..####.#.#o# #.#######
#....(# #.# #u##..# #.


You could see a cyan ugly thing, a hippogriff, an orc warrior and 2 gnolls.

Vanquished Creatures
  A two-headed ogre (D:9)
  The ghost of Alfie the Slicer, a novice HOFi (D:9)
  Joseph (D:8)
  Psyche (D:9)
  A hornet (D:9)
  Sigmund (D:4)
  Eustachio (D:5)
  Menkaure (D:4)
  3 water moccasins (D:9)
  2 phantoms
  A black bear (D:8)
  A necrophage (D:5)
  An ogre (D:5)
  A wyvern zombie (D:8)
  A bullfrog (D:8)
  A wyvern skeleton (D:8)
  2 scorpions
  5 killer bees (D:8)
  2 howler monkeys
  2 wights (D:9)
  5 crimson imps
  3 jellies
  A centaur zombie (D:9)
  2 hounds
  Crazy Yiuf (D:7)
  A bullfrog skeleton (D:5)
  A centaur skeleton (D:7)
  3 orc wizards
  2 iguanas (D:8)
  Ijyb (D:5)
  9 worker ants
  Natasha (thrice) (D:3 D:5)
  Terence (D:3)
  2 hound skeletons
  A howler monkey zombie (D:5)
  2 worker ant zombies
  6 adders
  8 gnolls
  2 shadow imps
  An adder zombie (D:9)
  3 worms
  4 dart slugs
  8 leopard geckos
  27 orcs
  3 ball pythons
  10 giant cockroaches
  9 goblins
  5 hobgoblins
  17 jackals
  8 kobolds
  6 quokkas
  7 bats
  10 frilled lizards
  3 quokka zombies
  7 rats
212 creatures vanquished.

Notes
Turn   | Place    | Note
-------+----------+-------------------------------------------
     0 | D:1      | Oxelix the Minotaur Berserker began the quest for the Orb.
     0 | D:1      | Reached XP level 1. HP: 19/19 MP: 0/0
    42 | D:1      | Reached skill level 4 in Axes
   176 | D:1      | Reached XP level 2. HP: 27/27 MP: 1/1
   766 | D:2      | Reached XP level 3. HP: 28/33 MP: 2/2
   770 | D:2      | Reached ** piety under Trog
   915 | D:2      | Reached skill level 5 in Axes
  1424 | D:2      | Reached XP level 4. HP: 36/41 MP: 3/3
  1620 | D:3      | Noticed Natasha
  1621 | D:3      | Killed Natasha
  1632 | D:3      | Noticed Natasha
  1639 | D:3      | Killed Natasha
  1981 | D:3      | Reached skill level 6 in Axes
  2095 | D:3      | Reached XP level 5. HP: 47/47 MP: 4/4
  2122 | D:3      | Noticed Terence
  2136 | D:3      | Killed Terence
  2136 | D:3      | Reached *** piety under Trog
  2305 | D:3      | Noticed Natasha
  2508 | D:4      | Noticed Menkaure
  2513 | D:4      | Killed Menkaure
  2513 | D:4      | Reached skill level 5 in Fighting
  2513 | D:4      | Reached skill level 7 in Axes
  2513 | D:4      | Reached XP level 6. HP: 56/56 MP: 5/5
  2761 | D:4      | Noticed Sigmund
  2768 | D:4      | Killed Sigmund
  2768 | D:4      | Reached skill level 8 in Axes
  2768 | D:4      | Reached XP level 7. HP: 63/63 MP: 6/6
  2850 | D:4      | Found Qier Exi's Book Emporium.
  2988 | D:4      | Got a bloodstained leather armour
  2999 | D:4      | Identified the +2 leather armour of Daawidic {Int+2 Stlth+} (You found it on level 4 of the Dungeon)
  3269 | D:4      | Found a bloodstained altar of Trog.
  3423 | D:5      | Entered Level 5 of the Dungeon
  3432 | D:5      | Reached **** piety under Trog
  3435 | D:5      | Reached skill level 9 in Axes
  3489 | D:5      | Found a staircase to the Ecumenical Temple.
  3551 | D:5      | Found a white marble altar of Elyvilon.
  3563 | D:5      | Killed Natasha
  3836 | D:5      | Reached XP level 8. HP: 73/73 MP: 7/7
  3864 | D:5      | Noticed Ijyb
  3869 | D:5      | Killed Ijyb
  3869 | D:5      | Reached skill level 10 in Axes
  3914 | D:5      | Noticed Eustachio
  3925 | D:5      | Killed Eustachio
  4335 | Temple   | Entered the Ecumenical Temple
  4625 | D:6      | Found a burning altar of Makhleb.
  4629 | D:6      | Found a deep blue altar of Sif Muna.
  4664 | D:6      | Gained mutation: You are partially covered in yellow scales. (AC +2) [potion of mutation]
  4664 | D:6      | Gained mutation: Armour fits poorly on your strangely shaped body. [potion of mutation]
  4664 | D:6      | Gained mutation: You are dopey. (Int -2) [potion of mutation]
  4664 | D:6      | Lost mutation: You are dopey. (Int -2) [potion of mutation]
  4695 | D:6      | Reached skill level 11 in Axes
  5073 | D:6      | Found an opulent altar of Gozag.
  5308 | D:7      | Reached ***** piety under Trog
  5520 | D:7      | Found a runed door.
  5601 | D:7      | Noticed Crazy Yiuf
  5605 | D:7      | Killed Crazy Yiuf
  5874 | D:8      | Noticed Joseph
  5888 | D:8      | Killed Joseph
  5888 | D:8      | Reached skill level 12 in Axes
  5888 | D:8      | Reached XP level 9. HP: 60/82 MP: 8/8
  6577 | D:8      | Found a glowing golden altar of the Shining One.
  6582 | D:8      | Found a basalt altar of Yredelemnul.
  6584 | D:8      | Noticed a profane servitor
  6599 | D:8      | Noticed an angel
  6674 | D:8      | Reached skill level 13 in Axes
  6760 | D:9      | Noticed a two-headed ogre
  6766 | D:9      | Killed a two-headed ogre
  6766 | D:9      | Reached skill level 10 in Fighting
  6766 | D:9      | HP: 6/127 [poisoned by a hornet]
  6773 | D:9      | HP: 5/127 [poisoned by a hornet]
  6777 | D:9      | HP: 1/85 [poisoned by a scorpion]
  7121 | D:9      | Found Vubi's Antique Armour Emporium.
  7130 | D:9      | Bought a runed scale mail for 196 gold pieces
  7143 | D:9      | Noticed Alfie's ghost (novice HOFi)
  7149 | D:9      | Noticed Psyche
  7157 | D:9      | Killed Alfie's ghost
  7157 | D:9      | Reached skill level 14 in Axes
  7157 | D:9      | Reached XP level 10. HP: 88/94 MP: 9/9
  7161 | D:9      | Killed Psyche
  7285 | D:9      | Received a gift from Trog
  7468 | D:9      | Reached skill level 1 in Shields
  7538 | D:9      | Noticed a cyan ugly thing
  7551 | D:9      | Mangled by a cyan ugly thing

Skill      XL: |  1  2  3  4  5  6  7  8  9 10 |
---------------+-------------------------------+-----
Axes           | 4 5 6 7 8 9 12 14 | 14.7
Fighting       | 4 5 6 7 8 10 | 10.7
Shields        | 1 |  1.0
Armour         | |  2.6
Dodging        | |  2.3

Action                   |  1- 3 |  4- 6 |  7- 9 | 10-12 || total
-------------------------+-------+-------+-------+-------++-------
Melee: Hand axe          |    96 |    51 |       |       ||   147
       Headbutt          |    17 |    13 |    52 |     5 ||    87
       War axe           |       |    36 |   288 |    42 ||   366
Throw: Tomahawk          |       |       |     4 |       ||     4
Invok: Berserk           |     1 |     2 |     5 |       ||     8
       Trog's Hand       |       |       |     1 |     1 ||     2
       Burn Spellbooks   |       |       |     1 |       ||     1
  Use: Scroll            |     4 |       |     4 |       ||     8
       Potion            |       |       |     2 |       ||     2
 Stab: Sleeping          |     1 |       |       |       ||     1
  Eat: Chunk             |     3 |     5 |    16 |       ||    24
       Bread ration      |       |       |     1 |       ||     1
Armor: Animal skin       |    25 |       |       |       ||    25
       Scale mail        |     6 |    24 |    12 |    17 ||    59
       Leather armour    |       |       |    68 |       ||    68
Dodge: Dodged            |    69 |    53 |   154 |    14 ||   290
Block: Buckler           |       |       |    13 |     6 ||    19
